 Dungeon Crawl Stone Soup version 0.29-a0-22-gbf593b16ee (webtiles) character file.

Game seed: 12340517788996810496

92 puppykicker the Vexing (level 4, -3/33 HPs)
             Began as a Vampire Arcane Marksman on Jan 29, 2022.
             Slain by a gnoll (5 damage)
             ... on level 5 of the Dungeon.
             The game lasted 00:06:30 (2238 turns).

puppykicker the Vexing (Vampire Arcane Marksman)    Turns: 2238, Time: 00:06:31

Health: -3/33      AC:  3    Str: 11    XL:     4   Next: 35%
Magic:  3/6        EV: 12    Int: 21    God:
Gold:   120        SH:  0    Dex: 14    Spells: 1/6 levels left

rFire   . . .      SeeInvis +   b - +1 dagger (drain)
rCold   . . .      Faith    .   (no shield)
rNeg    . . .      Spirit   .   q - +0 leather armour
rPois   .          Reflect  .   (no helmet)
rElec   .          Harm     .   (no cloak)
rCorr   .          Rampage  .   (no gloves)
Will    +....                   (no boots)
Stlth   ++........              m - amulet of magic regeneration
HPRegen 0.31/turn               j - ring of willpower
MPRegen 0.50/turn               p - +6 ring of intelligence

@: healing quickly, invisible
A: alive, fangs 3, see invisible, vampiric 2
a: Exsanguinate


You were on level 5 of the Dungeon.
You visited 1 branch of the dungeon, and saw 4 of its levels.

You collected 120 gold pieces.

Inventory:

Hand Weapons
 a - a +0 hand crossbow
 b - a +1 dagger of draining (weapon)
 w - a +0 rapier
Missiles
 Q - 27 bolts
Armour
 o - an orb of wrath
 q - a +0 leather armour (worn)
Jewellery
 i - a ring of ice {rC+, rF-}
 j - a ring of willpower (left hand)
 m - an amulet of magic regeneration (around neck)
 p - a +6 ring of intelligence (right hand)
Scrolls
 f - a scroll of teleportation {unknown}
 g - a scroll of vulnerability {unknown}
 h - a scroll of amnesia {unknown}
 n - a scroll of noise {unknown}
 s - a scroll of identify {unknown}
 u - a scroll of immolation {unknown}
Potions
 d - a potion of flight {unknown}
 e - 2 potions of mutation {unknown}
 k - a potion of haste {unknown}
 l - a potion of resistance {unknown}
 r - a potion of lignification {unknown}
 t - a potion of heal wounds {unknown}


   Skills:
 + Level 1.6 Fighting
 + Level 0.2 Short Blades
 * Level 2.0 Crossbows
 + Level 0.9 Armour
 + Level 2.8 Dodging
 + Level 2.1 Stealth
 + Level 1.5 Spellcasting
 + Level 5.0 Hexes


You had one spell level left.
You knew the following spells:

 Your Spells              Type           Power      Damage    Failure   Level
a - Cause Fear            Hex            11%        N/A       26%         4
s - Slow                  Hex            88%        N/A       2%          1

Your spell library contained the following spells:

 Spells                   Type           Power      Damage    Failure   Level
 Sandblast                Erth           2%         2d4       21%         1
 Inner Flame              Hex/Fire       12%        N/A       22%         3
 Portal Projectile        Hex/Tloc       24%        N/A       22%         3
 Passwall                 Tmut/Erth      0%         N/A       30%         2
 Stone Arrow              Conj/Erth      2%         3d7       52%         3


Dungeon Overview and Level Annotations

Branches:
Dungeon (3/15)

Altars:
Dithmenos


Innate Abilities, Weirdness & Mutations

Your natural rate of healing is accelerated.
You have razor-sharp teeth.
You have supernaturally acute eyesight. (SInv)
You are afflicted with vampirism and can become a bat while bloodless.


Message History

You hit the orc but do no damage. You drain the orc.
You kill the orc!
The gnoll prays for help.
The gnoll hits you from afar with a +0 spear!
You take 8 damage, and have 18/33 hp.
MASSIVE DAMAGE!!
The gnoll hits you from afar with a +0 spear.
* * * LOW HITPOINT WARNING * * *
An orc opens the door.
The gnoll closely misses you.
Things that are here:
a +0 club; a +0 leather armour You take 6 damage, and have 12/33 hp.
You are too injured to fight recklessly!
You are too injured to fight recklessly!
You are too injured to fight recklessly!
Unknown command.
You hit the gnoll.
The gnoll hits you from afar with a +0 spear.
* * * LOW HITPOINT WARNING * * *
You take 4 damage, and have 8/33 hp.
Casting: Cause Fear (extremely dangerous; 26% risk of failure)
The spell is extremely dangerous to miscast (26% risk of failure)!
Continue anyway?
Casting: Cause Fear (extremely dangerous; 26% risk of failure)
Press: ? - help, Dir - look around, f - activate The gnoll looks frightened!
The gnoll resists with almost no effort.
* * * LOW MAGIC WARNING * * *
The gnoll closely misses you.
You now have 1/6 mp.
The gnoll closely misses you.
Cornered, the gnoll turns to fight!
You hit the gnoll. The gnoll barely misses you.
You closely miss the gnoll. You punch the gnoll.
The gnoll hits you with a +0 spear!
* * * LOW HITPOINT WARNING * * *
The gnoll closely misses you.
You take 7 damage, and have 2/33 hp.
MASSIVE DAMAGE!!
You fade into invisibility!
The gnoll hits you with a +0 spear.
You die...

#### .'.. ###
#.. .... #...
###
#.g##''##.#
.8#.......g!#
.........g@)#
#######''##[#
#..g.###
#......
+....#+#
######


You could see 3 gnolls.

Levels and vault maps discovered:
D:1:      beargit_arrival_diablo_church, layout_basic, eino_curves_03
D:2:      layout_basic, basic_altar, serial_forest,
          infiniplex_forest_clump_tiny, infiniplex_forest_lined_room_,
          infiniplex_forest_clump_long, infiniplex_forest_diagonal,
          infiniplex_forest_clump_long, minmay_fractal_squares_5
D:3:      layout_loops_ring, minmay_misc_feat_encased, kennysheep_boxes
D:5:      lemuel_castle_with_subvaults [lemuel_castle_interior_carwin_2],
          layout_cave_pools, minmay_temple_entry_ruins, uniq_edmund

Notes
Turn   | Place    | Note
-------+----------+-------------------------------------------
     0 | D:1      | puppykicker the Vampire Arcane Marksman began the quest for
                  | the Orb.
     0 | D:1      | Reached XP level 1. HP: 14/14 MP: 2/2
    70 | D:1      | Identified a +0 dagger
    77 | D:1      | Identified a +0 hand crossbow
    86 | D:1      | Reached skill level 1 in Fighting
   107 | D:1      | Reached XP level 2. HP: 21/21 MP: 3/3
   132 | D:1      | Identified a +0 club
   204 | D:1      | Identified a +0 club
   271 | D:1      | Identified a +0 dagger
   295 | D:1      | Identified a +0 dagger
   362 | D:1      | Reached skill level 1 in Stealth
   780 | D:2      | Gained mutation: You are afflicted with vampirism and can
                  | become a bat while bloodless. [Vampire growth]
   780 | D:2      | Reached XP level 3. HP: 26/26 MP: 4/4
   836 | D:2      | HP: 4/26 [worm (9)]
   935 | D:2      | Found a shadowy altar of Dithmenos.
   941 | D:2      | Identified a ring of ice
   970 | D:2      | Identified a +0 dagger
   970 | D:2      | Identified a +0 whip
   970 | D:2      | Identified a +0 leather armour
   970 | D:2      | Identified a ring of willpower
  1075 | D:2      | Reached XP level 4. HP: 32/32 MP: 6/6
  1212 | D:2      | Identified an amulet of magic regeneration
  1271 | D:2      | Identified an orb of wrath
  1344 | D:2      | Identified a +1 dagger of draining
  1346 | D:2      | Reached skill level 2 in Stealth
  1446 | D:2      | Reached skill level 2 in Crossbows
  1536 | D:2      | Identified a +0 ring mail
  1601 | D:2      | Identified a +6 ring of intelligence
  1814 | D:2      | Learned a level 4 spell: Cause Fear
  1924 | D:3      | Identified a +0 leather armour
  1981 | D:3      | Reached skill level 5 in Hexes
  2138 | D:3      | Identified a +0 whip
  2198 | D:3      | Identified a +0 rapier
  2218 | D:3      | You fall into a shaft and drop 2 floors!
  2218 | D:5      | Entered Level 5 of the Dungeon
  2218 | D:5      | Identified a +0 spear
  2218 | D:5      | Identified a +0 whip
  2218 | D:5      | Identified a +0 club
  2218 | D:5      | Identified a +0 leather armour
  2219 | D:5      | Identified a +0 spear
  2219 | D:5      | Identified a +0 club
  2219 | D:5      | Identified a +0 leather armour
  2223 | D:5      | Identified a +0 ring mail
  2233 | D:5      | HP: 8/33 [gnoll (5)]
  2237 | D:5      | HP: 2/33 [gnoll (7)]
  2238 | D:5      | Slain by a gnoll

Table legend: (Time is in decaauts)
 A = Elapsed time spent in this place.
 B = Non-inter-level travel time spent in this place.
 C = Inter-level travel time spent in this place.
 D = Time resting spent in this place.
 E = Time spent auto-exploring this place.
 F = Levels seen in this place.
 G = Mean time per level.
                   A        B        C        D        E       F      G
               +--------+--------+--------+--------+--------+-----+--------+
         Total |   2262 |   2211 |     51 |    225 |   1508 |   4 |  565.5 |
       Dungeon |   2262 |   2211 |     51 |    225 |   1508 |   4 |  565.5 |
               +--------+--------+--------+--------+--------+-----+--------+

Top non-repeatable levels by time:
     D:2: 1203 daAuts
     D:1: 695 daAuts
     D:3: 344 daAuts
     D:5: 19 daAuts

Table legend:
 A = Kills in this place as a percentage of kills in entire the game.
 B = Kills by you in this place as a percentage of kills by you in the entire game.
 C = Kills by friends in this place as a percentage of kills by friends in the entire game.
 D = Other kills in this place as a percentage of other kills in the entire game.
 E = Experience gained in this place as a percentage of experience gained in the entire game.
 F = Experience gained in this place divided by the number of levels of this place that you have seen.
                   A       B       C       D       E      F
               +-------+-------+-------+-------+-------+----------------------
         Total | 100.0 | 100.0 |   N/A |   N/A | 100.0 |  33.0
       Dungeon | 100.0 | 100.0 |   N/A |   N/A | 100.0 |  33.0
               +-------+-------+-------+-------+-------+----------------------

Skill      XL: |  1  2  3  4 |
---------------+-------------+-----
Fighting       | 1 |  1.6
Stealth        | 1 2 |  2.1
Crossbows      | 2 |  2.0
Hexes          | 5 |  5.0
Short Blades   | |  0.2
Armour         | |  0.9
Dodging        | |  2.8
Spellcasting   | |  1.5

Action                   |  1- 3 |  4- 6 || total
-------------------------+-------+-------++-------
Melee: Unarmed           |     5 |       ||     5
       Dagger            |    91 |    34 ||   125
       Bite              |    13 |     2 ||    15
       Punch             |     1 |     2 ||     3
 Fire: Hand crossbow     |    52 |    16 ||    68
 Cast: Cause Fear        |       |     2 ||     2
  Use: Potion            |       |     1 ||     1
 Stab: Sleeping          |     2 |       ||     2
Armor: Robe              |    28 |     1 ||    29
       Leather armour    |       |     6 ||     6
Dodge: Dodged            |    81 |    26 ||   107

Vanquished Creatures
  3 adders (D:2)
  A worm (D:2)
  A dart slug (D:3)
  An orc (D:5)
  6 endoplasms
  3 giant cockroaches
  3 goblins
  6 hobgoblins
  6 kobolds
  6 quokkas
  6 ball pythons
  4 bats
  2 frilled lizards (D:2)
  7 rats
55 creatures vanquished.
